 Dungeon Crawl Stone Soup version 0.30-b1-2-g02819fbbbe (webtiles) character file.

Game seed: 4649393577331464322

34 Arcadio the Ducker (level 3, 24/25 HPs)
             Began as a Djinni Fire Elementalist on May 16, 2023.
             Was a Plaything of Xom.
             Quit the game on level 2 of the Dungeon.
             The game lasted 00:02:42 (1376 turns).

Arcadio the Ducker (Djinni Fire Elementalist)       Turns: 1376, Time: 00:02:42

Health: 24/25      AC:  2    Str:  7    XL:     3   Next: 50%
Gold:   55         EV: 13    Int: 18    God:    Xom [..*...] SH:  0 Dex: 13

rFire   + + .        b - +0 short sword
rCold   x . .        (no shield)
rNeg    . . .        a - +0 robe
rPois   ∞            (no helmet)
rElec   .            (no cloak)
rCorr   .            (no gloves)
SInv    .            (boots unavailable)
Will    .....        (no amulet)
Stlth   ++           (no ring)
HPRegen 0.24/turn    (no ring)
MPRegen 0.00/turn

%: no passive effects
@: flying
A: sickness immunity, fire resistance 2, cold vulnerability 1, float, innate
caster, HP casting, extra vitality 1
a: Renounce Religion


You were on level 2 of the Dungeon.
You worshipped Xom.
You were a toy of Xom.
You visited 1 branch of the dungeon, and saw 2 of its levels.

You collected 55 gold pieces.

Inventory:

Hand Weapons
 b - a +0 short sword (weapon)
Armour
 a - a +0 robe (worn)
Scrolls
 e - a scroll of noise {unknown}
 f - a scroll of immolation {unknown}
 i - a scroll of blinking {unknown}
 j - 3 scrolls of identify {unknown}
 k - 2 scrolls of fear {unknown}
Potions
 c - 2 potions of haste {unknown}
 d - a potion of attraction {unknown}
 g - a potion of might {unknown}
 h - a potion of brilliance {unknown}


   Skills:
 + Level 3.2 Dodging
 - Level 1.5 Stealth
 + Level 2.9 Spellcasting


You knew the following spells:

 Your Spells              Type           Power      Damage    Failure   Level
a - Foxfire               Conj/Fire      52%        2x1d6     4%          1
b - Scorch                Fire           26%        2d6       8%          2
c - Volatile Blastmotes   Fire/Tloc      26%        2d12      14%         3
d - Inner Flame           Hex/Fire       13%        N/A       14%         3
e - Flame Wave            Conj/Fire      13%        2d6       43%         4
f - Magic Dart            Conj           52%        1d5       4%          1
Your spell library was empty.

Dungeon Overview and Level Annotations

Branches:
Dungeon (2/15) Zot: 10624

Altars:
Nemelex Xobeh
Xom


Innate Abilities, Weirdness & Mutations

You are immune to sickness and miasma.
You are immune to poison.
Your flesh is very heat resistant. (rF++)
You are vulnerable to cold. (rC-)
You float through the air rather than walking.
You learn spells naturally, not from books.
Your magical power is your life essence.
You have superior vitality. (+4 MHP)


Message History

You see here a +0 chain mail.
You reach down and open the door.
There is an open door here.
There is an open door here.
There is an open door here.
There is an open door here.
There is an open door here.
Done exploring.
Done exploring.
Done exploring.
(D) Dungeon
Where to? (? - help)
There is an open door here.
There is a stone staircase leading down here.
You fly downwards.
Found four items.
Found a sparkling altar of Nemelex Xobeh.
There is a stone staircase leading up here.
c - 2 pink potions (gained 1)
You see here a +0 hand axe.
There is a stone staircase leading up here.
k - a scroll labelled TOJURA VEDIOLA
j - 2 scrolls labelled SOMNARH ATE UDIT (gained 1)
j - 3 scrolls labelled SOMNARH ATE UDIT (gained 1)
You now have 55 gold pieces (gained 15).
A bat comes into view.
Casting: Foxfire (safe; 4% risk of failure)
Confirm with . or Enter, or press ? or * to list all spells.
You conjure some foxfire!
The foxfire hits the bat but does no damage.
The foxfire hits the bat.
You kill the bat!
k - 2 scrolls labelled TOJURA VEDIOLA (gained 1)
A frilled lizard comes into view.
Casting: Foxfire (safe; 4% risk of failure)
Confirm with . or Enter, or press ? or * to list all spells.
You conjure some foxfire!
The foxfire hits the frilled lizard.
You kill the frilled lizard!
Are you sure you want to abandon this character and quit the game? (Confirm with "yes".)

# ...) #### #. ### #
...? #[. #.##..
#.....####.######
......
#.v.............<
...... #..§ ..........(
...... #...§ #......#
#...... #.../§#......#
###......
#...§§@.....###........
####.§.....###.........
####................
####.##.#........
#.............
####.##.......
...##..#....
#.###...##### ...
#...##


There were no monsters in sight!

Vanquished Creatures
  4 endoplasms (D:1)
  A giant cockroach (D:1)
  6 hobgoblins (D:1)
  4 jackals (D:1)
  A kobold (D:1)
  2 quokkas (D:1)
  A ball python (D:1)
  A bat (D:2)
  A frilled lizard (D:2)
  5 goblins (D:1)
  A rat (D:1)
27 creatures vanquished.

Vanquished Creatures (others)
  56 foxfires
56 creatures vanquished.

Grand Total: 83 creatures vanquished

Notes
Turn   | Place    | Note
-------+----------+-------------------------------------------
     0 | D:1      | Arcadio the Djinni Fire Elementalist began the quest for
                  | the Orb.
     0 | D:1      | Arcadio set off with the following spells memorised:
                  | Foxfire, Scorch, Volatile Blastmotes, Inner Flame, Flame
                  | Wave.
     0 | D:1      | Reached XP level 1. HP: 15/15 MP: 0/0
   188 | D:1      | Reached XP level 2. HP: 18/21 MP: 0/0
   768 | D:1      | Reached skill level 3 in Dodging
   768 | D:1      | Reached XP level 3. HP: 24/25 MP: 0/0
   768 | D:1      | Learned a level 1 spell: Magic Dart
  1126 | D:1      | Found a faded altar of an unknown god.
  1132 | D:1      | Prayed at the altar of an unknown god.
  1132 | D:1      | Became a worshipper of Xom of Chaos
  1297 | D:2      | Found a sparkling altar of Nemelex Xobeh.
  1376 | D:2      | Quit the game

Illustrated notes

Levels and vault maps discovered:
D:1:      lemuel_arrival_hallway, layout_basic,
          chequers_ecumenical_altar_simple_redux, nrook_uturn,
          kennysheep_another_room, minmay_tromino_v7
D:2:      layout_rooms, basic_altar

Skill      XL: |  1  2 |
---------------+-------+-----
Dodging        | 3 |  3.2
Stealth        | |  1.5
Spellcasting   | |  2.9

Action                     || total
---------------------------++-------
  Melee: Short sword       ||    41
   Cast: Foxfire           ||    32
   Stab: Sleeping          ||     1
 Armour: Robe              ||     8
  Dodge: Dodged            ||    25
